 Dungeon Crawl Stone Soup version 0.29.0-7-g18a832c13a (webtiles) character file.

Game seed: 510183274390137116

75 SensoryNuts the Trooper (level 4, -1/35 HPs)
             Began as a Demonspawn Fighter on Aug 31, 2022.
             Succumbed to a gnoll's poison
             ... on level 3 of the Dungeon.
             The game lasted 00:01:22 (1606 turns).

SensoryNuts the Trooper (Demonspawn Fighter)        Turns: 1606, Time: 00:01:22

Health: -1/35      AC:  6    Str: 16    XL:     4   Next: 11%
Magic:  4/4        EV:  9    Int: 10    God:
Gold:   131        SH:  6    Dex: 14    Spells: 3/3 levels left

rFire   . . .      SeeInvis .   a - +0 long sword (vorpal)
rCold   . . .      Faith    .   c - +1 buckler
rNeg    . . .      Spirit   .   b - +0 scale mail
rPois   .          Reflect  .   (no helmet)
rElec   .          Harm     .   (no cloak)
rCorr   .          Rampage  .   (no gloves)
Will    .....                   (no boots)
Stlth   ..........              (no amulet)
HPRegen 0.11/turn               (no ring)
MPRegen 0.09/turn               (no ring)

@: mighty, lethally poisoned (-1 -> -16)
A: spiny 2
a: no special abilities


You were on level 3 of the Dungeon.
You visited 1 branch of the dungeon, and saw 3 of its levels.

You collected 131 gold pieces.

Inventory:

Hand Weapons
 a - a +0 vorpal long sword (weapon)
Armour
 b - a +0 scale mail (worn)
 c - a +1 buckler (worn)
Jewellery
 h - a ring of fire
Scrolls
 j - a scroll of enchant armour
Potions
 e - 3 potions of flight {unknown}
 i - a potion of brilliance {unknown}
 k - 3 potions of cancellation {unknown}


   Skills:
 + Level 3.4 Fighting
 * Level 2.8 Long Blades
 + Level 3.2 Armour
 + Level 0.5 Dodging
 + Level 3.0 Shields


You had 3 spell levels left.
You didn't know any spells.
Your spell library was empty.

Dungeon Overview and Level Annotations

Branches:
Dungeon (3/15)

Altars:

Shops:
D:2 [


Innate Abilities, Weirdness & Mutations

You are mostly covered in sharp spines.


Message History

A gnoll comes into view. It is wielding a +0 whip of venom.
The gnoll shouts!
The gnoll barely misses you.
You see here a bubbling black potion.
You hit the gnoll.
The gnoll is moderately wounded.
The gnoll hits you but does no damage. The gnoll is struck by your spines.
The gnoll hits you with a +0 flail.
You slash the gnoll!
You kill the gnoll!
The gnoll hits you from afar with a +0 halberd!
You are too injured to fight recklessly!
You are too injured to fight recklessly!
You are too injured to fight recklessly!
You are too injured to fight recklessly!
You are too injured to fight recklessly!
You are too injured to fight recklessly!
You are too injured to fight recklessly!
You are too injured to fight recklessly!
You are too injured to fight recklessly!
Unknown command.
Okay, then.
You feel very mighty all of a sudden. The gnoll hits you but does no damage.
The gnoll is struck by your spines. The gnoll closely misses you.
You closely miss the gnoll. You block the gnoll's attack.
The gnoll is struck by your spines. The gnoll barely misses you.
The gnoll hits you with a +0 halberd.
The gnoll hits you with a +0 whip of venom.
You slice the gnoll!!
You kill the gnoll!
The gnoll hits you with a +0 whip of venom!
* * * LOW HITPOINT WARNING * * *
You are lethally poisoned!
You have reached level 4!
You feel clever.
Your demonic ancestry asserts itself...
Sharp spines emerge from more of your body.
You slash the gnoll!
You kill the gnoll!
You die...

. .## ..# ♣.# ♣♣.#
#.♣♣♣♣♣♣..###
#.....).....# #))...#
#.@...#
#.....####.###
#..........#..
#.....######.######
#.....# #.#<....
#.....# #.......
###.....######.######
...................).
..#.....####.########


There were no monsters in sight!

Vanquished Creatures
  3 gnolls (D:3)
  2 adders (D:2)
  A worm (D:3)
  An orc (D:3)
  4 bats
  An endoplasm (D:1)
  3 giant cockroaches
  A goblin (D:1)
  7 hobgoblins
  6 ball pythons
  5 frilled lizards
  2 kobolds
  2 rats (D:1)
38 creatures vanquished.

Vanquished Creatures (others)
  7 toadstools (D:1)
7 creatures vanquished.

Grand Total: 45 creatures vanquished

Notes
Turn   | Place    | Note
-------+----------+-------------------------------------------
     0 | D:1      | SensoryNuts the Demonspawn Fighter began the quest for the
                  | Orb.
     0 | D:1      | Reached XP level 1. HP: 18/18 MP: 1/1
   333 | D:1      | Gained mutation: You are partially covered in sharp spines.
                  | [demonic ancestry]
   333 | D:1      | Reached XP level 2. HP: 22/24 MP: 2/2
   625 | D:1      | Found a faded altar of an unknown god.
  1019 | D:2      | Reached XP level 3. HP: 28/29 MP: 3/3
  1160 | D:2      | Found Tevol's Antique Armour Shop.
  1606 | D:3      | Gained mutation: You are mostly covered in sharp spines.
                  | [demonic ancestry]
  1606 | D:3      | Reached XP level 4. HP: 4/35 MP: 4/4
  1606 | D:3      | Succumbed to a gnoll's poison

Illustrated notes

Levels and vault maps discovered:
D:1:      nagdon_arrival_double_spiral, layout_rooms,
          shapermc_ecumenical_altar_petra, kennysheep_decorative_pillar
D:2:      layout_rooms, serial_shops, shop
D:3:      minmay_chambers_of_twos, layout_basic, nrook_campfire

Skill      XL: |  1  2  3 |
---------------+----------+-----
Long Blades    | 2 |  2.8
Armour         | 3 |  3.2
Shields        | 3 |  3.0
Fighting       | |  3.4
Dodging        | |  0.5

Action                   |  1- 3 |  4- 6 || total
-------------------------+-------+-------++-------
Melee: Long sword        |    77 |     1 ||    78
  Use: Scroll            |     6 |       ||     6
       Potion            |     1 |       ||     1
Armor: Scale mail        |    32 |       ||    32
Dodge: Dodged            |    30 |       ||    30
Block: Buckler           |    29 |       ||    29
